 Dungeon Crawl Stone Soup version 0.31-a0-234-gad7ace16ef (webtiles) character file.

Game seed: 3898592589173211773

73 qw the Shooter (level 4, -4/37 HPs)
             Began as a Minotaur Hexslinger on July 9, 2023.
             Slain by an orc warrior
             ... wielding a +0 trident
              (13 damage)
             ... on level 3 of the Dungeon.
             The game lasted 00:00:38 (1591 turns).

qw the Shooter (Minotaur Hexslinger)                Turns: 1591, Time: 00:00:38

Health: -4/37      AC:  5    Str: 10 (13) XL:     4   Next: 8%
Magic:  4/4        EV: 15    Int:  8 (10) God:
Gold:   140        SH:  0    Dex: 13 (14) Spells: 4/5 levels left

rFire   . . .        Y - +1 sling (flame)
rCold   . . .        (no shield)
rNeg    . . .        c - +0 ring mail
rPois   .            (helmet restricted)
rElec   .            (no cloak)
rCorr   .            (no gloves)
SInv    .            (no boots)
Will    .....        (no amulet)
Stlth   +            i - +5 ring of evasion
HPRegen 0.26/turn    (no ring)
MPRegen 0.09/turn

%: no passive effects
@: about to teleport
A: horns 2, retaliatory headbutt
a: no special abilities


You were on level 3 of the Dungeon.
You visited 1 branch of the dungeon, and saw 3 of its levels.

You collected 140 gold pieces.


Innate Abilities, Weirdness & Mutations

You have a pair of horns on your head.
You reflexively headbutt those who attack you in melee.


   Skills:
 - Level 2.6 Fighting
 + Level 4.0 Ranged Weapons
 - Level 1.3 Armour
 - Level 2.1 Dodging
 - Level 1.0 Spellcasting
 - Level 2.0 Hexes


You had 4 spell levels left.
You knew the following spells:

 Your Spells              Type           Power      Damage    Failure   Level
a - Slow                  Hex            12%        N/A       41%         1

Your spell library contained the following spells:

 Spells                   Type           Power      Damage    Failure   Level
 Inner Flame              Hex/Fire       2%         N/A       89%         3
 Portal Projectile        Hex/Tloc       4%         N/A       89%         3
 Cause Fear               Hex            1%         N/A       99%         4

Inventory:

Hand Weapons
 Y - a +1 sling of flaming (weapon)
Armour
 c - a +0 ring mail (worn)
Jewellery
 i - a +5 ring of evasion (left hand)
Scrolls
 h - a scroll of identify
Potions
 a - a potion of berserk rage {unknown}
 d - a potion of cancellation {unknown}
 k - a potion of haste {unknown}
 n - 3 potions of curing {unknown}
 o - a potion of brilliance {unknown}

Dungeon Overview and Level Annotations

Branches:
Dungeon (3/15)

Altars:

Shops:
D:3 (


Message History

You shoot a sling bullet. The sling bullet hits the quokka.
The sling bullet burns the quokka.
The quokka is almost dead.
You shoot a sling bullet. The sling bullet hits the quokka.
The sling bullet burns the quokka.
You kill the quokka!
An orc comes into view. It is wielding a +0 club.
You shoot a sling bullet. The orc shouts!
The sling bullet hits the orc but does no damage.
You shoot a sling bullet. The sling bullet hits the orc.
The sling bullet burns the orc.
The orc is heavily wounded.
You shoot a sling bullet.
The sling bullet hits the orc but does no damage.
The orc is heavily wounded.
You hear a shout!
An orc wizard comes into view. It is wielding a +0 dagger.
An orc warrior comes into view. It is wielding a +0 trident.
You shoot a sling bullet.
The sling bullet barely misses the orc warrior.
The sling bullet misses the orc wizard.
The orc wizard shouts!
The orc wizard gestures wildly while chanting.
The orc wizard flickers and vanishes!
Deactivating autopickup; reactivate with Ctrl-A.
You shoot a sling bullet.
The sling bullet hits the orc warrior but does no damage.
You shoot a sling bullet.
The sling bullet hits the orc warrior but does no damage.
The orc warrior hits you from afar with a +0 trident! x2
1590 ||| READING scroll of teleportation.
As you read the scroll of teleportation, it crumbles to dust.
You feel strangely unstable. The orc warrior misses you.
You shoot a sling bullet.
The sling bullet barely misses the orc warrior.
The sling bullet barely misses the orc.
The orc warrior hits you from afar with a +0 trident!
You die...

#.######.. .....
#......... ...
########.. ... #..
.o. #.. #.#+# #..
#o#.########## #..
##'#..........# #..
#.@...........# ###
#.............# #
#.#.............# #
#...............# ###
##..............###..
#######..###+#.##..#
##...#.#.#....
###...#%#.#..
##...>..#..


You could see an orc warrior and an orc.

Vanquished Creatures
  2 gnolls (D:1)
  An adder (D:3)
  A dart slug (D:2)
  An orc (D:3)
  2 bats (D:1)
  4 endoplasms
  3 giant cockroaches
  2 goblins
  5 hobgoblins
  2 jackals (D:1)
  2 quokkas
  2 ball pythons (D:1)
  5 frilled lizards
  3 kobolds
  5 rats
40 creatures vanquished.

Notes
Turn   | Place    | Note
-------+----------+-------------------------------------------
     0 | D:1      | qw the Minotaur Hexslinger began the quest for the Orb.
     0 | D:1      | Reached XP level 1. HP: 16/16 MP: 1/1
     0 | D:1      | 0 ||| qw: Version: 0.3-a-51-g015441d
     0 | D:1      | 0 ||| qw: Game counter: 4317
     0 | D:1      | 0 ||| qw: Melee chars always use a shield: true
     0 | D:1      | 0 ||| qw: God list: Okawaru
     0 | D:1      | 0 ||| qw: Allow faded altars: false
     0 | D:1      | 0 ||| qw: Do Orc after clearing Dungeon:15 true
     0 | D:1      | 0 ||| qw: Do second Lair branch before Depths: true
     0 | D:1      | 0 ||| qw: Lair rune preference: random
     0 | D:1      | 0 ||| qw: Goals: Normal
     0 | D:1      | 0 ||| PLANNING D:1-11
    49 | D:1      | 49 ||| FLEEEEING.
    51 | D:1      | 51 ||| FLEEEEING.
    52 | D:1      | 52 ||| FLEEEEING.
    53 | D:1      | 53 ||| FLEEEEING.
    54 | D:1      | 54 ||| FLEEEEING.
    55 | D:1      | 55 ||| FLEEEEING.
    56 | D:1      | 56 ||| FLEEEEING.
    57 | D:1      | 57 ||| FLEEEEING.
    58 | D:1      | 58 ||| FLEEEEING.
    59 | D:1      | 59 ||| FLEEEEING.
    60 | D:1      | 60 ||| FLEEEEING.
    61 | D:1      | 61 ||| FLEEEEING.
    62 | D:1      | 62 ||| FLEEEEING.
    63 | D:1      | 63 ||| FLEEEEING.
    67 | D:1      | Reached skill level 3 in Ranged Weapons
    67 | D:1      | Reached XP level 2. HP: 22/23 MP: 2/2
   309 | D:1      | HP: 3/25 [gnoll/+0 club (8)]
   312 | D:1      | Reached XP level 3. HP: 4/30 MP: 3/3
   577 | D:1      | Found a faded altar of an unknown god.
   722 | D:1      | 722 ||| UPGRADING to +0 leather armour.
   732 | D:1      | 732 ||| DROPPING +0 robe.
   733 | D:1      | 733 ||| UPGRADING to +5 ring of evasion.
   734 | D:1      | 734 ||| READING scroll labelled XUUPSA ZAKUNI.
   735 | D:1      | 735 ||| READING scroll labelled ULOSUBL UHIEQ.
   736 | D:1      | 736 ||| READING 3 scrolls labelled KOUS UVVABAAHO.
   737 | D:1      | 737 ||| READING scroll labelled PEON ZUNOASYZUS.
   738 | D:1      | 738 ||| READING scroll labelled DEUMAZ IGHOJY.
   739 | D:1      | 739 ||| READING 2 scrolls of identify.
   739 | D:1      | 739 ||| IDENTIFYING viscous sapphire potion
   740 | D:1      | 740 ||| DROPPING scroll of poison.
   741 | D:1      | 741 ||| DROPPING potion of attraction.
  1286 | D:2      | Reached skill level 4 in Ranged Weapons
  1316 | D:2      | 1316 ||| UPGRADING to +0 ring mail.
  1326 | D:2      | 1326 ||| DROPPING +0 leather armour.
  1327 | D:2      | 1327 ||| READING 2 scrolls labelled WOEBAA OSYO.
  1330 | D:2      | 1330 ||| DRINKING 2 fizzy blue potions.
  1331 | D:2      | 1331 ||| DROPPING potion of degeneration.
  1379 | D:3      | Found Kecimu's Weapon Emporium.
  1564 | D:3      | Reached skill level 1 in Armour
  1564 | D:3      | Reached XP level 4. HP: 37/37 MP: 4/4
  1586 | D:3      | Noticed an orc warrior
  1589 | D:3      | HP: 8/37 [orc warrior/+0 trident (16)]
  1590 | D:3      | 1590 ||| READING scroll of teleportation.
  1591 | D:3      | Slain by an orc warrior

Levels and vault maps discovered:
D:1:      dpeg_arrival_solitude, layout_basic,
          dreamdust_ecumenical_altar_statues, hex_tiny, minmay_small_reverse_x
D:2:      layout_loops_ring, amcnicky_mini_rare_corridor_liquid
D:3:      layout_basic, marbit_many_paths, serial_shops, shop

Skill      XL: |  1  2  3 |
---------------+----------+-----
Ranged Weapons | 3 4 |  4.0
Fighting       | 2 |  2.6
Armour         | 1 |  1.3
Dodging        | |  2.1
Spellcasting   | |  1.0
Hexes          | |  2.0

Action                     |  1- 3 |  4- 6 || total
---------------------------+-------+-------++-------
   Fire: Sling             |   108 |     9 ||   117
    Use: Scroll            |     7 |     1 ||     8
         Potion            |     1 |       ||     1
 Armour: Robe              |     3 |       ||     3
         Leather armour    |     1 |       ||     1
  Dodge: Dodged            |    29 |     1 ||    30

Table legend:
 A = Non-vault XP
 B = Vault XP
 C = Vault XP percentage of total XP
 D = Non-vault monster count
 E = Vault monster count
 F = Vault count percentage of total count
                 A         B        C        D         E       F
            +---------+---------+-------+---------+---------+-------
      Total |      98 |       7 |   6.7 |      36 |       4 |  10.0
            +---------+---------+-------+---------+---------+-------
        D:1 |      54 |       7 |  11.5 |      20 |       4 |  16.7
        D:2 |      21 |       0 |   0.0 |      10 |       0 |   0.0
        D:3 |      23 |       0 |   0.0 |       6 |       0 |   0.0
            +---------+---------+-------+---------+---------+-------
